 Dungeon Sprint DCSS version 0.21-a0-272-g984ae92 (webtiles) character file.

352 potatolord6000 the Cleaver (level 6, -7/63 HPs)
             Began as a Hill Orc Monk on Sept 15, 2017.
             Was a High Priest of Beogh.
             Killed from afar by an eidolon (26 damage)
             ... with a bolt of negative energy
             ... while paralysed by a floating eye
             ... in the Dungeon (Sprint VII: "The Pits").
             The game lasted 00:03:58 (800 turns).

potatolord6000 the Cleaver (Hill Orc Monk)           Turns: 800, Time: 00:03:59

Health: -7/63      AC: 13    Str: 15 (16) XL:     6   Next: 61%
Magic:  3/12       EV:  2    Int:  9 (10) God:    Beogh [*****.]
Gold:   0          SH:  0    Dex: 12 (13) Spells: 5/5 levels left

rFire    . . .     SeeInvis .   j - +2 hand axe
rCold    . . .     Gourm    .   (no shield)
rNeg     . . .     Faith    .   f - +3 chain mail
rPois    .         Spirit   .   (no helmet)
rElec    .         Reflect  .   (no cloak)
rCorr    .         Harm     .   (no gloves)
MR       .....     NoTele   +   (no boots)
Stlth    ..........             (no amulet)
HPRegen  0.20/turn              (no ring)
MPRegen  0.13/turn              (no ring)

@: paralysed, afraid, slowed, drained
A: walk on water
a: Smiting, Recall Orcish Followers, Give Item to Named Follower, Renounce
Religion


You were in the Dungeon.
You worshipped Beogh.
Beogh was extremely pleased with you.
You were completely stuffed.

You visited 1 branch

Inventory:

Hand Weapons
 j - a +2 hand axe (weapon)
Armour
 f - a +3 chain mail (worn)
Scrolls
 i - a scroll of blinking
 k - 3 scrolls of remove curse
 l - 5 scrolls of amnesia
 m - a scroll of summoning
Potions
 a - 2 potions of invisibility
 d - 5 potions of curing
 e - 5 potions of heal wounds
 g - 4 potions of magic
 h - 2 potions of berserk rage
Comestibles
 c - 8 bread rations
 n - 40 fruits
 o - 5 meat rations


   Skills:
 + Level 9.1(8.4) Fighting
 + Level 9.7(9.0) Axes
 + Level 7.4(6.7) Armour
 - Level 2.4(1.8) Dodging
 - Level 1.5(1.0) Stealth
 + Level 8.5(7.9) Invocations


You had 5 spell levels left.
You didn't know any spells.

Dungeon Overview and Level Annotations

Branches:
Dungeon (1/1)

Altars:
Ashenzari
Cheibriados
Dithmenos
Elyvilon
Fedhas
Gozag
Hepliaklqana
Kikubaaqudgha
Makhleb
Nemelex Xobeh
Okawaru
Qazlal
Ru
Sif Muna
Trog
Uskayaw
Vehumet
Wu Jian
Xom
Yredelemnul
Zin
The Shining One
Beogh
Jiyva
Lugonu


Message History

The eidolon hits you. The eidolon drains your vigour!
You feel yourself slow down. The eidolon closely misses you.
The jackal closely misses you. The eidolon hits you.
The eidolon drains your vigour!
You feel as though you will be slow longer.
The eidolon barely misses you. The floating eye's view fixates on you.
The jackal bites you but does no damage.
Unknown command.
Unknown command.
Unknown command.
You attempt to attack the eidolon, but flinch away in fear!
The jackal barely misses you. The eidolon hits you!! The eidolon hits you.
You feel clumsy.
The floating eye gazes piercingly through you!
You suddenly lose the ability to move!
The jackal bites you but does no damage.
The eidolon stares piercingly at you. The bolt of negative energy hits you!
You feel drained.
You die...

#.####'##'###...<...#
#.#........##.......#
#.#..).....##.......#
#'###########.......#
#..†....#..##########
#..#.#..#.######
#.##)##.#.#....#
#†..)...#†#h...#
#.##.##.#.@G...+
#..#.#..#o#W...#
#.......')#....#
################


You could see an eidolon, a floating eye, a jackal and a friendly orc wizard.

Vanquished Creatures
  A water moccasin (D)
  A phantom (D)
  2 crimson imps (D)
  A jelly (D)
  A worker ant (D)
  2 gnolls (D)
  A river rat (D)
  An ooze (D)
  2 leopard geckos (D)
  An orc (D)
  A bat zombie (D)
  A giant cockroach (D)
  A goblin (D)
  A hobgoblin (D)
  A jackal (D)
  A kobold (D)
  A frilled lizard (D)
  A leopard gecko skeleton (D)
  A rat (D)
22 creatures vanquished.

Vanquished Creatures (others)
  An orc (D)
1 creature vanquished.

Grand Total: 23 creatures vanquished

Notes
Turn   | Place    | Note
-------+----------+-------------------------------------------
     0 | D        | potatolord6000 the Hill Orc Monk began the quest for the Orb.
     0 | D        | Reached XP level 1. HP: 19/19 MP: 1/1
    14 | D        | Reached skill level 1 in Armour
    21 | D        | Found a bloodstained altar of Trog.
    21 | D        | Found a deep blue altar of Sif Muna.
    21 | D        | Found a viscous altar of Jiyva.
    21 | D        | Found a hazy altar of Hepliaklqana.
    21 | D        | Found an opulent altar of Gozag.
    52 | D        | Found a glowing golden altar of the Shining One.
    52 | D        | Found a glowing silver altar of Zin.
    52 | D        | Found a basalt altar of Yredelemnul.
    52 | D        | Found a shimmering altar of Xom.
    52 | D        | Found an ornate altar of the Wu Jian Council.
    52 | D        | Found a sacrificial altar of Ru.
    52 | D        | Found a stormy altar of Qazlal.
    52 | D        | Found an iron altar of Okawaru.
    52 | D        | Found a sparkling altar of Nemelex Xobeh.
    52 | D        | Found a burning altar of Makhleb.
    52 | D        | Found a blossoming altar of Fedhas.
    52 | D        | Found a white marble altar of Elyvilon.
    52 | D        | Found a shadowy altar of Dithmenos.
    52 | D        | Found a snail-covered altar of Cheibriados.
    54 | D        | Found a radiant altar of Vehumet.
    54 | D        | Found a corrupted altar of Lugonu.
    54 | D        | Found a roughly hewn altar of Beogh.
    56 | D        | Found an ancient bone altar of Kikubaaqudgha.
    56 | D        | Found a hide-covered altar of Uskayaw.
    56 | D        | Found a shattered altar of Ashenzari.
    64 | D        | Became a worshipper of Beogh the Brigand
    64 | D        | Reached * piety under Beogh
    64 | D        | Reached ** piety under Beogh
   162 | D        | Reached *** piety under Beogh
   162 | D        | Reached skill level 1 in Invocations
   176 | D        | Noticed a phantom
   195 | D        | Killed a phantom
   195 | D        | Reached skill level 5 in Invocations
   195 | D        | Reached XP level 2. HP: 9/31 MP: 2/5
   195 | D        | Reached XP level 3. HP: 12/38 MP: 2/6
   195 | D        | Reached XP level 4. HP: 14/45 MP: 2/7
   437 | D        | Reached **** piety under Beogh
   503 | D        | Noticed a water moccasin
   505 | D        | Killed a water moccasin
   505 | D        | Reached XP level 5. HP: 53/53 MP: 5/10
   524 | D        | Reached XP level 6. HP: 57/61 MP: 4/11
   704 | D        | Reached ***** piety under Beogh
   789 | D        | Noticed a floating eye
   789 | D        | Noticed an eidolon
   791 | D        | Paralysed by a floating eye for 4 turns
   799 | D        | Paralysed by a floating eye for 2 turns
   800 | D        | Killed from afar by an eidolon

Vault maps used:
D:        pitsprint

Skill      XL: |  1  2  3  4  5  6 |
---------------+-------------------+-----
Armour         | 4 6 7 |  7.4
Fighting       | 6 7 8 9 |  9.1
Invocations    | 5 7 8 |  8.5
Axes           | 7 8 9 |  9.7
Dodging        | |  2.4
Stealth        | |  1.5

Action                   |  1- 3 |  4- 6 || total
-------------------------+-------+-------++-------
Melee: Hand axe          |    27 |    68 ||    95
Invok: Smiting           |       |     5 ||     5
  Use: Potion            |     3 |     1 ||     4
 Stab: Distracted        |       |     1 ||     1
  Eat: Meat ration       |       |     2 ||     2
Armor: Robe              |     6 |     4 ||    10
       Chain mail        |       |    46 ||    46
Dodge: Dodged            |    10 |    32 ||    42

Table legend:
 A = Spawn XP
 B = Non-spawn XP
 C = Spawn XP percentage of total XP
 D = Spawn monster count
 E = Non-spawn monster count
 F = Spawn count percentage of total count
 G = Total turns spent on level
                    A         B        C        D         E        F      G
               +---------+---------+-------+---------+---------+-------+---------
         Total |       0 |     503 |   0.0 |       0 |      22 |   0.0 |   800
               +---------+---------+-------+---------+---------+-------+---------
             D |       0 |     503 |   0.0 |       0 |      22 |   0.0 |   800
               +---------+---------+-------+---------+---------+-------+---------
